 Dungeon Crawl Stone Soup version 0.31-a0-507-gbafd7f5274 (console) character file.

Game seed: 16793138470905846812

4097 jejorda2 the Cleaver (level 10, 0/123 HPs)
             Began as a Gnoll Berserker on Aug 9, 2023.
             Was a Priest of Trog.
             Slain by a gargoyle
             ... wielding a +0 flail
              (10 damage)
             ... on level 8 of the Dungeon.
             The game lasted 00:14:19 (7509 turns).

jejorda2 the Cleaver (Gnoll Berserker)              Turns: 7509, Time: 00:14:20

Health: 0/123      AC: 17    Str: 22    XL:     10   Next: 26%
Magic:  17/17      EV: 11    Int:  6    God:    Trog [***...]
Gold:   398        SH:  6    Dex: 17    Spells: 19/19 levels left

rFire   . . .        a - +1 war axe
rCold   . . .        F - +0 buckler
rNeg    . . .        d - +0 chain mail
rPois   .            y - +2 helmet
rElec   .            (no cloak)
rCorr   +            i - +2 pair of gloves
SInv    .            (no boots)
Will    .....        (no amulet) Stlth
                     o - +6 ring of dexterity
HPRegen 0.40/turn    l - ring of resist corrosion
MPRegen 0.15/turn

%: no passive effects
@: berserking, very quick
A: fangs 1, strong nose, distributed training
a: Renounce Religion, Berserk, Trog's Hand


You were on level 8 of the Dungeon.
You worshipped Trog.
Trog was most pleased with you.
You visited 1 branch of the dungeon, and saw 8 of its levels.

You collected 398 gold pieces.

Inventory:

Hand Weapons
 a - a +1 war axe (weapon)
 A - a +0 flail
Missiles
 b - 21 poisoned darts
 s - 4 atropa-tipped darts
 B - a curare-tipped dart
 D - 2 throwing nets
Armour
 d - a +0 chain mail (worn)
 i - a +2 pair of gloves (worn)
 v - a +1 scale mail of cold resistance
 y - a +2 helmet (worn)
 F - a +0 buckler (worn)
Jewellery
 l - a ring of resist corrosion (right hand)
 o - a +6 ring of dexterity (left hand)
Wands
 p - a wand of polymorph (15)
 u - a wand of mindburst (18)
 C - a wand of digging (2)
Scrolls
 c - a scroll of teleportation
 f - 4 scrolls of identify
 g - a scroll of enchant armour
 j - 4 scrolls of poison
 m - 2 scrolls of enchant weapon
 t - a scroll of amnesia
 x - 2 scrolls of fear
 G - a scroll of immolation
Potions
 e - 2 potions of enlightenment {unknown}
 h - 4 potions of curing
 k - a potion of attraction {unknown}
 n - a potion of heal wounds {unknown}
 q - 2 potions of haste
 r - 2 potions of cancellation {unknown}
 w - a potion of magic {unknown}
 z - a potion of invisibility {unknown}
 E - a potion of degeneration {unknown}
 H - a potion of lignification {unknown}


   Skills:
 + Level 8.4 Fighting
 + Level 5.2 Short Blades
 + Level 5.2 Long Blades
 + Level 8.4 Axes
 + Level 5.2 Maces & Flails
 + Level 5.2 Polearms
 + Level 5.2 Staves
 + Level 5.2 Ranged Weapons
 + Level 5.2 Throwing
 + Level 7.0 Armour
 + Level 7.0 Dodging
 + Level 5.2 Stealth
 + Level 5.2 Shields
 + Level 5.2 Unarmed Combat
 + Level 5.2 Spellcasting
 + Level 4.3 Conjurations
 + Level 4.3 Hexes
 + Level 4.3 Summonings
 + Level 4.3 Necromancy
 + Level 4.3 Translocations
 + Level 4.3 Transmutations
 + Level 4.3 Fire Magic
 + Level 4.3 Ice Magic
 + Level 4.3 Air Magic
 + Level 4.3 Earth Magic
 + Level 4.3 Poison Magic
 + Level 5.7 Invocations
 + Level 5.2 Evocations
 + Level 4.3 Shapeshifting


You had 19 spell levels left.
You didn't know any spells.
Your spell library was empty.

Dungeon Overview and Level Annotations

Branches:
Dungeon (8/15)             Temple (0/1) D:6
   Lair: D:8-11

Altars:
Okawaru
Sif Muna


Innate Abilities, Weirdness & Mutations

You have very sharp teeth.
Your uncanny sense of smell can sniff out nearby items.
Your experience applies equally to all skills.


Message History

A gargoyle comes into view. It is wielding a +0 flail.
You slash the gargoyle!
The gargoyle is moderately damaged.
You block the gargoyle's attack.
You hit the gargoyle but do no damage.
The gargoyle is moderately damaged.
The gargoyle hurls a stone arrow at you.
The stone arrow hits you!!
You hit the gargoyle.
The gargoyle is moderately damaged.
The gargoyle hurls a stone arrow at you.
The stone arrow misses you.
You hit the gargoyle but do no damage.
The gargoyle is moderately damaged.
The gargoyle barely misses you.
You hit the gargoyle but do no damage.
The gargoyle is moderately damaged.
The gargoyle hits you with a +0 flail!
The gargoyle hurls a stone arrow at you.
The stone arrow misses you.
You hit the gargoyle but do no damage.
The gargoyle is moderately damaged.
The gargoyle hurls a stone arrow at you.
The stone arrow hits you!
You hit the gargoyle but do no damage.
The gargoyle is moderately damaged.
The gargoyle closely misses you.
You barely miss the gargoyle. Your bite misses the gargoyle.
The gargoyle is moderately damaged.
The gargoyle hurls a stone arrow at you.
The stone arrow hits you!!
* * * LOW HITPOINT WARNING * * *
A red film seems to cover your vision as you go berserk!
You feel yourself moving faster!
You feel mighty! The gargoyle hits you with a +0 flail.
* * * LOW HITPOINT WARNING * * *
You hit the gargoyle.
The gargoyle is heavily damaged.
The gargoyle hits you with a +0 flail!
You die...

#...# #.# .....#
#.# ###.#.# #.#
#.#. #.## ....
#..# ##.#
##############.#
#.#.........##.#
∆
#.#.#######@##.#
#.#)#:(.# #9##.#
#.#))...#∆#.##.#
#)#.##### #.##.#
#.).#...# ..##.#
#)###.#.######.#
#.....#......:.#
###.#.#.########
#.#.#..


You could see a gargoyle.

Vanquished Creatures
  Pikel (D:5)
  Jeremiah (D:7)
  Joseph (D:7)
  A hornet (D:8)
  Eustachio (D:4)
  A steam dragon (D:6)
  Menkaure (D:7)
  The ghost of randomguy2701 the Stinger, an amateur OpVM (D:4)
  Duvessa (D:5)
  3 water moccasins
  A black bear (D:4)
  2 sky beasts (D:7)
  2 ogres (D:5)
  A lemure (D:5)
  A phantom (D:4)
  2 kobold brigands
  A bullfrog (D:7)
  3 scorpions
  Dowan (D:5)
  A howler monkey (D:8)
  3 jellies
  2 orc priests (D:3)
  3 iguanas (D:6)
  Terence (D:3)
  Natasha (thrice) (D:2)
  9 orc wizards
  7 gnolls
  12 adders
  2 shadow imps
  3 ufetubi
  2 worms (D:2)
  4 dart slugs
  17 orcs
  5 endoplasms
  A giant cockroach (D:2)
  5 hobgoblins
  2 jackals (D:3)
  5 quokkas
  4 ball pythons
  6 bats
  3 frilled lizards
  7 goblins
  22 kobolds
  2 rats (D:3)
157 creatures vanquished.

Notes
Turn   | Place    | Note
-------+----------+-------------------------------------------
     0 | D:1      | jejorda2 the Gnoll Berserker began the quest for the Orb.
     0 | D:1      | Reached XP level 1. HP: 23/23 MP: 1/1
   303 | D:1      | Reached XP level 2. HP: 29/29 MP: 2/2
  1077 | D:2      | Reached XP level 3. HP: 34/35 MP: 3/3
  1213 | D:2      | Reached ** piety under Trog
  1275 | D:2      | Noticed Natasha
  1288 | D:2      | Killed Natasha
  1289 | D:2      | Reached skill level 1 in Short Blades
  1289 | D:2      | Reached skill level 1 in Long Blades
  1289 | D:2      | Reached skill level 1 in Maces & Flails
  1289 | D:2      | Reached skill level 1 in Polearms
  1289 | D:2      | Reached skill level 1 in Staves
  1289 | D:2      | Reached skill level 1 in Ranged Weapons
  1289 | D:2      | Reached skill level 1 in Throwing
  1289 | D:2      | Reached skill level 1 in Stealth
  1289 | D:2      | Reached skill level 1 in Shields
  1289 | D:2      | Reached skill level 1 in Unarmed Combat
  1289 | D:2      | Reached skill level 1 in Spellcasting
  1289 | D:2      | Reached skill level 1 in Invocations
  1289 | D:2      | Reached skill level 1 in Evocations
  1289 | D:2      | Reached XP level 4. HP: 34/41 MP: 5/5
  1531 | D:2      | Found a faded altar of an unknown god.
  1602 | D:2      | Noticed Natasha
  1615 | D:2      | Killed Natasha
  1616 | D:2      | Reached skill level 1 in Conjurations
  1616 | D:2      | Reached skill level 1 in Hexes
  1616 | D:2      | Reached skill level 1 in Summonings
  1616 | D:2      | Reached skill level 1 in Necromancy
  1616 | D:2      | Reached skill level 1 in Translocations
  1616 | D:2      | Reached skill level 1 in Transmutations
  1616 | D:2      | Reached skill level 1 in Fire Magic
  1616 | D:2      | Reached skill level 1 in Ice Magic
  1616 | D:2      | Reached skill level 1 in Air Magic
  1616 | D:2      | Reached skill level 1 in Earth Magic
  1616 | D:2      | Reached skill level 1 in Poison Magic
  1616 | D:2      | Reached skill level 1 in Shapeshifting
  1764 | D:2      | Found an iron altar of Okawaru.
  1897 | D:2      | Noticed Natasha
  1905 | D:2      | Killed Natasha
  1906 | D:2      | Reached XP level 5. HP: 47/47 MP: 5/7
  2369 | D:3      | Reached XP level 6. HP: 51/53 MP: 8/8
  2467 | D:3      | You fall into a shaft and drop 3 floors!
  2511 | D:5      | Entered Level 5 of the Dungeon
  2585 | D:5      | Reached skill level 5 in Armour
  2585 | D:5      | Reached skill level 5 in Dodging
  3197 | D:3      | Noticed Terence
  3206 | D:3      | Killed Terence
  3411 | D:4      | Found a runed translucent gate.
  3470 | D:4      | Noticed a black bear
  3471 | D:4      | Noticed Eustachio
  3480 | D:4      | Killed a black bear
  3481 | D:4      | Reached XP level 7. HP: 60/60 MP: 10/10
  3487 | D:4      | Killed Eustachio
  3732 | D:4      | Found a shimmering blue altar of Sif Muna.
  3877 | D:4      | Found a runed translucent gate.
  3877 | D:4      | Found a runed translucent gate.
  3879 | D:4      | Noticed randomguy2701's ghost (amateur OpVM)
  3891 | D:4      | Killed randomguy2701's ghost
  3892 | D:4      | Reached XP level 8. HP: 67/67 MP: 12/12
  4812 | D:5      | Noticed Pikel
  4820 | D:5      | Killed Pikel
  4821 | D:5      | Reached XP level 9. HP: 73/73 MP: 14/14
  4904 | D:5      | Noticed Dowan
  4935 | D:5      | Killed Dowan
  4984 | D:5      | Noticed Duvessa
  4990 | D:5      | Killed Duvessa
  5424 | D:6      | Found a staircase to the Ecumenical Temple.
  6084 | D:7      | Reached skill level 5 in Invocations
  6178 | D:7      | Noticed Jeremiah
  6592 | D:7      | Noticed Joseph
  6608 | D:7      | Killed Joseph
  6608 | D:7      | Reached *** piety under Trog
  6999 | D:7      | Noticed Menkaure
  7009 | D:7      | Killed Menkaure
  7010 | D:7      | Reached XP level 10. HP: 68/80 MP: 17/17
  7177 | D:7      | Killed Jeremiah
  7178 | D:7      | Reached skill level 5 in Short Blades
  7178 | D:7      | Reached skill level 5 in Long Blades
  7178 | D:7      | Reached skill level 5 in Maces & Flails
  7178 | D:7      | Reached skill level 5 in Polearms
  7178 | D:7      | Reached skill level 5 in Staves
  7178 | D:7      | Reached skill level 5 in Ranged Weapons
  7178 | D:7      | Reached skill level 5 in Throwing
  7178 | D:7      | Reached skill level 5 in Stealth
  7178 | D:7      | Reached skill level 5 in Shields
  7178 | D:7      | Reached skill level 5 in Unarmed Combat
  7178 | D:7      | Reached skill level 5 in Spellcasting
  7178 | D:7      | Reached skill level 5 in Evocations
  7498 | D:8      | Noticed a gargoyle
  7509 | D:8      | Slain by a gargoyle

Illustrated notes

Levels and vault maps discovered:
D:1:      amcnicky_arrival_single_pillar, layout_basic
D:2:      layout_basic, shapermc_ecumenical_altar_totnotflames, basic_altar,
          uniq_natasha
D:3:      layout_loops_ring, minmay_liquid_box, uniq_terence
D:4:      layout_basic, led_sif_pool, ebering_ghost_rock_garden, uniq_eustachio
D:5:      layout_gridville, minmay_a_box_with_orc_wizards_in_it, uniq_duvessa,
          uniq_pikel
D:6:      layout_basic, minmay_temple_entry_glassed_door, nicolae_half_adder
D:7:      layout_basic, uniq_menkaure, uniq_joseph, uniq_jeremiah
D:8:      layout_basic, lemuel_coloured_pillars_altar, enter_bailey_4,
          serial_shops, nicolae_shop_hallway_stairs, wad_mini_maze, uniq_maggie,
          uniq_grum

Skill      XL: |  1  2  3  4  5  6  7  8  9 10 |
---------------+-------------------------------+-----
Short Blades   | 1 2 3 4 5 |  5.2
Long Blades    | 1 2 3 4 5 |  5.2
Maces & Flails | 1 2 3 4 5 |  5.2
Polearms       | 1 2 3 4 5 |  5.2
Staves         | 1 2 3 4 5 |  5.2
Ranged Weapons | 1 2 3 4 5 |  5.2
Throwing       | 1 2 3 4 5 |  5.2
Stealth        | 1 2 3 4 5 |  5.2
Shields        | 1 2 3 4 5 |  5.2
Unarmed Combat | 1 2 3 4 5 |  5.2
Spellcasting   | 1 2 3 4 5 |  5.2
Invocations    | 1 2 3 4 5 |  5.7
Evocations     | 1 2 3 4 5 |  5.2
Conjurations   | 1 2 3 4 |  4.3
Hexes          | 1 2 3 4 |  4.3
Summonings     | 1 2 3 4 |  4.3
Necromancy     | 1 2 3 4 |  4.3
Translocations | 1 2 3 4 |  4.3
Transmutations | 1 2 3 4 |  4.3
Fire Magic     | 1 2 3 4 |  4.3
Ice Magic      | 1 2 3 4 |  4.3
Air Magic      | 1 2 3 4 |  4.3
Earth Magic    | 1 2 3 4 |  4.3
Poison Magic   | 1 2 3 4 |  4.3
Shapeshifting  | 1 2 3 4 |  4.3
Armour         | 5 6 7 |  7.0
Dodging        | 5 6 7 |  7.0
Fighting       | 7 8 |  8.4
Axes           | 7 8 |  8.4

Action                     |  1- 3 |  4- 6 |  7- 9 | 10-12 || total
---------------------------+-------+-------+-------+-------++-------
  Melee: Hand axe          |    74 |   188 |    47 |       ||   309
         Bite              |     5 |    23 |    30 |     4 ||    62
         Punch             |       |     5 |     6 |     1 ||    12
         War axe           |       |       |   203 |    54 ||   257
 Invoke: Berserk           |       |     8 |     7 |     3 ||    18
         Trog's Hand       |       |     2 |     2 |     1 ||     5
    Use: Scroll            |       |       |    15 |       ||    15
 Armour: Chain mail        |    31 |    78 |   153 |    14 ||   276
         Animal skin       |     2 |       |       |       ||     2
  Dodge: Dodged            |    17 |    81 |   120 |    26 ||   244
  Block: Buckler           |       |       |       |     3 ||     3

Table legend: (Time is in decaauts)
 A = Elapsed time spent in this place.
 B = Non-inter-level travel time spent in this place.
 C = Inter-level travel time spent in this place.
 D = Time resting spent in this place.
 E = Time spent auto-exploring this place.
 F = Levels seen in this place.
 G = Mean time per level.
                   A        B        C        D        E       F      G
               +--------+--------+--------+--------+--------+-----+--------+
         Total |   7697 |   7428 |    269 |    755 |   5268 |   8 |  962.1 |
       Dungeon |   7697 |   7428 |    269 |    755 |   5268 |   8 |  962.1 |
               +--------+--------+--------+--------+--------+-----+--------+

Top non-repeatable levels by time:
     D:5: 1502 daAuts
     D:7: 1323 daAuts
     D:2: 1139 daAuts
     D:3: 1123 daAuts
     D:1: 1047 daAuts
     D:6: 792 daAuts
     D:4: 603 daAuts
     D:8: 165 daAuts
